 Dungeon Crawl Stone Soup version 0.19.1-1-g22dce08 (webtiles) character file.

22065 Mesmaeker13 the Destroyer (level 12, -12/68 HPs)
             Began as a Gargoyle Conjurer on Jan 20, 2017.
             Was an Elder of Sif Muna.
             Mangled by a polar bear (13 damage)
             ... in an ice cave.
             The game lasted 00:56:48 (21511 turns).

Mesmaeker13 the Destroyer (Gargoyle Conjurer)      Turns: 21511, Time: 00:56:48

Health: -12/68     AC: 12    Str: 20    XL:     12   Next: 96%
Magic:  10/18      EV: 20    Int: 20    God:    Sif Muna [****..]
Gold:   681        SH:  0    Dex: 10    Spells: 5 memorised, 2 levels left

rFire  + . .     SeeInvis .     C - +5 quarterstaff (chaos)
rCold  . . .     Gourm    .     y - +0 robe {MR+}
rNeg   + . .     Faith    .     (shield currently unavailable)
rPois  ∞         Spirit   .     k - +0 helmet
rElec  +         Reflect  .     D - +0 cloak {MR+}
rCorr  .         Harm     .     (no gloves)
MR     ++...                    (no boots)
Stlth  ++........               (no amulet)
                                E - ring of protection from fire
                                p - +4 ring of evasion

@: mighty
A: deterioration 1, negative energy resistance 1, electricity resistance, strong
1, unbreathing, petrification resistance, rot immunity, subdued magic 1, AC +8
a: Divine Energy, Channel Magic, Forget Spell, Renounce Religion


You were in an ice cave.
You worshipped Sif Muna.
Sif Muna was greatly pleased with you.
You were near starving.

You visited 3 branches of the dungeon, and saw 15 of its levels.
You also visited: Bailey and Ice Cave.

You collected 746 gold pieces.
You spent 65 gold pieces at shops.

Inventory:

Hand Weapons
 C - a +5 quarterstaff of chaos (weapon)
Armour
 b - a +0 pair of boots
 k - a +0 helmet (worn)
 y - a +0 robe of magic resistance (worn)
 D - a +0 cloak of magic resistance (worn)
 L - a +1 robe of positive energy
Magical Staves
 x - an uncursed staff of power
Jewellery
 p - a +4 ring of evasion (left hand)
 E - a ring of protection from fire (right hand)
Wands
 c - a wand of lightning (11/15)
 f - a wand of digging (3/24)
 O - a wand of disintegration (3/24)
 W - a wand of iceblast (3/15)
Scrolls
 h - 2 scrolls of blinking
 o - 3 scrolls of teleportation
 r - a scroll of vulnerability {unknown}
 w - a scroll of fog
 H - a scroll of magic mapping
 I - 3 scrolls of recharging
 Q - a scroll of remove curse
Potions
 d - 3 potions of curing
 e - 6 potions of heal wounds
 i - a potion of resistance {unknown}
 j - a potion of haste
 u - 3 potions of flight
 J - a potion of agility {unknown}
 R - a potion of mutation
 S - a potion of cancellation {unknown}
Comestibles
 U - 2 bread rations


   Skills:
 + Level 5.0 Fighting
 - Level 10.1 Dodging
 - Level 2.1 Stealth
 - Level 4.1 Spellcasting
 + Level 11.9 Conjurations
 - Level 5.6 Hexes
 + Level 9.5 Charms
 + Level 5.2 Invocations


You had 2 spell levels left.
You knew the following spells:

 Your Spells              Type           Power        Failure   Level  Hunger
a - Magic Dart            Conj           ####         1%          1    None
b - Fulminant Prism       Conj/Hex       ####......   3%          4    ####...
c - Dazzling Spray        Conj/Hex       ####..       1%          3    ###....
d - Iskenderun's Mystic   Conj           #####...     1%          4    ####...
e - Iskenderun's Battles  Conj/Chrm      #####...     4%          5    ######.


Dungeon Overview and Level Annotations

Branches:
Dungeon (11/15)            Temple (1/1) D:7            Lair (3/6) D:10
  Swamp (0/4) Lair:2          Orc (0/2) D:9
  Snake: Lair:2-4    Spider: Lair:2-4

Altars:
Ashenzari
Cheibriados
Dithmenos
Elyvilon
Fedhas
Gozag
Hepliaklqana
Kikubaaqudgha
Makhleb
Nemelex Xobeh
Okawaru
Qazlal
Ru
Sif Muna
Trog
Uskayaw
Vehumet
Xom
Yredelemnul
Zin
The Shining One

Shops:
D:11 *

Annotations:
D:2 Natasha
D:9 Squonk's ghost, novice DEFE
D:10 2 runed doors, exclusion: orange crystal statue
D:11 Snorg


Innate Abilities, Weirdness & Mutations

You are resistant to torment.
Your stone body is resilient. (AC +8)
You are immune to poison.
You resist negative energy. (rN+)
You are resistant to electric shocks. (rElec)
You can survive without breathing.
You are immune to petrification.
You are immune to rotting.
Your body sometimes deteriorates upon taking damage.
Your muscles are strong. (Str +2)
Your spells are a little easier to cast, but a little less powerful.


Message History

The polar bear is dazzled.
The yak gores you but does no damage. The polar bear misses you.
The polar bear closely misses you. x2
Unknown command.
You hit the polar bear.
There is a sudden explosion of sparks!
The polar bear is heavily wounded.
The yak gores you!
* * * LOW HITPOINT WARNING * * *
The polar bear barely misses you. The polar bear completely misses you.
The polar bear misses you.
You bludgeon the yak!! You freeze the yak!
The yak is almost dead.
The polar bear is no longer blind.
The polar bear completely misses you. x2
The polar bear claws you but does no damage.
The yak gores you.
* * * LOW HITPOINT WARNING * * *
Unknown command.
You barely miss the yak.
The yak is almost dead.
The polar bear bites you!
You die...

##..#≈≈##..##
..##≈##..##
..## ≈#...##
#*# ##...##
h. ##..§# Y.#
##§§§# .##
#§§§##
##§hY##
##§§@§§##
#§§§§§§§#
#§§§§§§§#
##.§§§§##
##...## #####


You could see a polar bear and a yak.

Vanquished Creatures
  A hydra (D:8)
  Pikel (D:6)
  A hill giant (D:11)
  A spiny frog (Lair:1)
  3 komodo dragons
  2 trolls (D:11)
  7 polar bears
  A two-headed ogre (D:11)
  A hornet (D:9)
  3 blink frogs (Lair:2)
  6 hippogriffs
  2 dream sheep (D:8)
  A wyvern (Lair:2)
  Sigmund (D:3)
  33 yaks
  Menkaure (D:4)
  5 vampire mosquitoes (Lair:2)
  A mottled dragon (Bailey)
  4 basilisks
  10 water moccasins
  7 porcupines
  6 orc warriors
  2 sky beasts
  A black bear (D:8)
  A phantom (D:7)
  A necrophage (D:10)
  7 wolves
  9 ogres
  8 centaurs
  A boggart (shapeshifter) (D:4)
  3 big kobolds (D:8)
  4 crocodiles
  12 bullfrogs
  A wyvern zombie (D:7)
  A scorpion (D:11)
  4 killer bees (D:4)
  8 wights (D:9)
  The ghost of dscm the Sneak, a weakling OpEE (D:4)
  7 crimson imps
  A centaur zombie (D:10)
  A bullfrog zombie (D:11)
  4 hounds
  A quasit (D:11)
  6 orc priests
  Crazy Yiuf (D:3)
  2 bullfrog skeletons
  2 jellies
  Jessica (D:2)
  Terence (D:2)
  4 iguanas
  Natasha (D:2)
  10 orc wizards
  11 worker ants
  A hell rat (Bailey)
  10 gnolls
  A howler monkey skeleton (D:5)
  10 adders
  4 river rats (D:10)
  A shadow imp (D:6)
  2 oozes
  An adder zombie (D:6)
  An adder skeleton (D:7)
  6 worms
  3 dart slugs
  4 leopard geckos
  62 orcs
  5 giant cockroaches
  11 goblins
  8 hobgoblins
  17 jackals
  8 kobolds
  7 quokkas
  7 bats
  6 frilled lizards
  A jackal skeleton (D:7)
  A leopard gecko zombie (D:6)
  A quokka zombie (D:4)
  2 rats
395 creatures vanquished.

Vanquished Creatures (collateral kills)
  A yak (D:10)
1 creature vanquished.

Vanquished Creatures (others)
  A yak (D:10)
1 creature vanquished.

Grand Total: 397 creatures vanquished

Notes
Turn   | Place    | Note
-------+----------+-------------------------------------------
     0 | D:1      | Mesmaeker13 the Gargoyle Conjurer began the quest for the Orb.
     0 | D:1      | Reached XP level 1. HP: 10/10 MP: 3/3
   368 | D:1      | Reached XP level 2. HP: 15/15 MP: 1/5
  1170 | D:1      | Reached XP level 3. HP: 16/19 MP: 6/6
  1281 | D:2      | Learned a level 2 spell: Searing Ray
  1585 | D:2      | Reached skill level 5 in Conjurations
  1585 | D:2      | Reached XP level 4. HP: 24/24 MP: 1/8
  2005 | D:2      | Noticed Jessica
  2016 | D:2      | Killed Jessica
  2354 | D:2      | Noticed Terence
  2428 | D:3      | Noticed a centaur
  2451 | D:3      | Killed a centaur
  2451 | D:3      | Reached XP level 5. HP: 16/28 MP: 2/10
  2538 | D:2      | Learned a level 3 spell: Dazzling Spray
  3158 | D:3      | Reached XP level 6. HP: 32/32 MP: 11/11
  3298 | D:3      | Reached skill level 6 in Conjurations
  3828 | D:3      | Noticed Sigmund
  3834 | D:3      | Killed Sigmund
  3834 | D:3      | Reached skill level 1 in Hexes
  3834 | D:3      | Reached XP level 7. HP: 28/36 MP: 4/13
  4069 | D:3      | Found a runed door.
  4073 | D:3      | Noticed Crazy Yiuf
  4081 | D:3      | Killed Crazy Yiuf
  4509 | D:2      | Noticed Natasha
  4514 | D:2      | Killed Natasha
  4535 | D:2      | Killed Terence
  4772 | D:2      | Noticed Natasha
  4888 | D:4      | Learned a level 4 spell: Iskenderun's Mystic Blast
  5095 | D:4      | Noticed dscm's ghost (weakling OpEE)
  5107 | D:4      | Killed dscm's ghost
  5283 | D:4      | Reached skill level 7 in Conjurations
  5284 | D:4      | Reached XP level 8. HP: 41/41 MP: 6/14
  5915 | D:4      | Noticed Menkaure
  6048 | D:4      | Killed Menkaure
  6231 | D:5      | Entered Level 5 of the Dungeon
  6383 | D:5      | Reached skill level 5 in Dodging
  6390 | D:5      | Learned a level 5 spell: Iskenderun's Battlesphere
  6876 | D:4      | Reached skill level 8 in Conjurations
  7627 | D:6      | Noticed Pikel
  7668 | D:6      | Killed Pikel
  7668 | D:6      | Reached skill level 5 in Hexes
  7668 | D:6      | Reached XP level 9. HP: 45/45 MP: 3/15
  8542 | D:7      | Reached skill level 9 in Conjurations
  8707 | D:7      | Found a staircase to the Ecumenical Temple.
  8713 | Temple   | Entered the Ecumenical Temple
  8730 | Temple   | Became a worshipper of Sif Muna the Loreminder
  9068 | D:7      | Reached skill level 1 in Charms
  9850 | D:8      | Reached XP level 10. HP: 47/50 MP: 16/16
  9895 | D:8      | Reached * piety under Sif Muna
  9933 | D:8      | Noticed a two-headed hydra
  9949 | D:8      | Killed a two-headed hydra
 10078 | D:8      | Found a flagged portal.
 10102 | Bailey   | Entered a bailey
 10235 | Bailey   | Reached skill level 5 in Charms
 10342 | Bailey   | Found an iron altar of Okawaru.
 10342 | Bailey   | Noticed an orc knight
 10342 | Bailey   | Noticed an orc sorcerer
 10342 | Bailey   | Noticed a kobold demonologist
 12326 | D:9      | Reached ** piety under Sif Muna
 12410 | D:9      | Reached XP level 11. HP: 54/54 MP: 17/17
 12736 | D:9      | Found a staircase to the Orcish Mines.
 12740 | D:9      | Got a jewelled ring mail
 13892 | D:9      | Noticed Squonk's ghost (novice DEFE)
 14191 | D:10     | Entered Level 10 of the Dungeon
 14634 | D:10     | Found a staircase to the Lair.
 15298 | D:10     | Found a runed door.
 15313 | D:10     | Found a runed door.
 15356 | D:10     | Found a runed door.
 15372 | D:10     | Found a runed door.
 15481 | D:10     | Reached skill level 10 in Conjurations
 16269 | D:10     | Noticed an orange crystal statue
 16875 | D:8      | You fall through a shaft for 3 floors!
 16947 | D:11     | Learned a level 4 spell: Fulminant Prism
 16974 | D:11     | Noticed Snorg
 16974 | D:11     | Reached *** piety under Sif Muna
 17230 | D:11     | Found Zoseaty's General Store.
 17240 | D:11     | Bought a scroll of remove curse for 39 gold pieces
 17240 | D:11     | Bought a scroll of identify for 26 gold pieces
 17255 | D:11     | Identified the +4 ring mail of Indomitability {rC+ Str+6 Int-2} (You found it on level 9 of the Dungeon)
 17688 | D:11     | Noticed a hill giant
 17695 | D:11     | Killed a hill giant
 17695 | D:11     | Reached skill level 10 in Dodging
 18117 | D:9      | Reached XP level 12. HP: 59/59 MP: 17/18
 18344 | Lair:1   | Entered Level 1 of the Lair of Beasts
 18471 | Lair:1   | Reached skill level 11 in Conjurations
 18563 | Lair:1   | Reached skill level 1 in Fighting
 18576 | Lair:1   | Reached skill level 1 in Invocations
 18687 | Lair:1   | Reached **** piety under Sif Muna
 18696 | Lair:1   | You fall through a shaft!
 18849 | Lair:2   | Found a staircase to the Swamp.
 20879 | Lair:3   | Found a frozen archway.
 20889 | IceCv    | Entered an ice cave
 21073 | IceCv    | Reached skill level 5 in Invocations
 21079 | IceCv    | Gained mutation: Your spells are a little easier to cast, but a little less powerful. [potion of mutation]
 21079 | IceCv    | Gained mutation: Your body sometimes deteriorates upon taking damage. [potion of mutation]
 21079 | IceCv    | Gained mutation: Your muscles are strong. (Str +2) [potion of mutation]
 21103 | IceCv    | Reached skill level 5 in Fighting
 21509 | IceCv    | HP: 3/68 [yak (12)]
 21510 | IceCv    | HP: 1/68 [yak (2)]
 21511 | IceCv    | Mangled by a polar bear

Skill      XL: |  1  2  3  4  5  6  7  8  9 10 11 12 |
---------------+-------------------------------------+-----
Dodging        | 2 3 4 5 6 8 10 | 10.1
Conjurations   | 5 6 7 8 9 10 11 | 11.9
Spellcasting   | 3 4 |  4.1
Hexes          | 1 2 5 |  5.6
Charms         | 2 6 8 9 |  9.5
Fighting       | 5 |  5.0
Invocations    | 5 |  5.2
Stealth        | |  2.1

Action                   |  1- 3 |  4- 6 |  7- 9 | 10-12 || total
-------------------------+-------+-------+-------+-------++-------
Melee: Dagger            |    30 |    55 |       |       ||    85
       Quarterstaff      |       |       |   152 |   170 ||   322
       Staff             |       |       |    16 |    98 ||   114
 Cast: Magic Dart        |    49 |    36 |    51 |   323 ||   459
       Searing Ray       |     3 |    11 |    43 |    78 ||   135
       Dazzling Spray    |       |     5 |    10 |    90 ||   105
       Iskenderun's Myst |       |       |     3 |    42 ||    45
       Iskenderun's Batt |       |       |       |    56 ||    56
Invok: Channel Magic     |       |       |       |     4 ||     4
       Divine Energy     |       |       |       |     1 ||     1
       Stop Divine Energ |       |       |       |     1 ||     1
Evoke: Wand              |       |    14 |     6 |    10 ||    30
  Use: Scroll            |     3 |     3 |     3 |    17 ||    26
       Potion            |       |       |     2 |    12 ||    14
 Stab: Sleeping          |     1 |     1 |     4 |     3 ||     9
       Invisible         |       |     1 |       |     3 ||     4
       Petrified         |       |       |     3 |       ||     3
  Eat: Chunk             |     1 |     5 |    22 |    54 ||    82
       Bread ration      |     1 |       |       |     3 ||     4
       Fruit             |       |       |       |     4 ||     4
Armor: Robe              |    24 |    25 |    59 |   196 ||   304
Dodge: Dodged            |    39 |   108 |   202 |   777 ||  1126
